 Dungeon Crawl Stone Soup version 0.20-a0-3-g334f831 (webtiles) character file.

1384 tsouns the Slasher (level 8, -4/65 HPs)
             Began as a Demonspawn Warper on Oct 30, 2016.
             Was a Believer of Qazlal.
             Slain by Crazy Yiuf
             ... wielding a +4 quarterstaff of chaos
              (9 damage)
             ... on level 6 of the Dungeon.
             The game lasted 00:26:26 (7581 turns).

tsouns the Slasher (Demonspawn Warper)              Turns: 7581, Time: 00:26:26

Health: -4/65      AC:  7    Str: 11    XL:     8   Next: 40%
Magic:  3/11       EV: 12    Int: 17    God:    Qazlal [**....]
Gold:   447        SH:  2    Dex: 13    Spells: 3 memorised, 4 levels left

rFire  . . .     SeeInvis .     a - +0 falchion
rCold  . . .     Gourm    .     b - +0 leather armour
rNeg   . . .     Faith    .     (no shield)
rPois  .         Spirit   .     i - +0 helmet
rElec  .         Reflect  .     (no cloak)
rCorr  .         Harm     .     (no gloves)
MR     +....     Clarity  +     (no boots)
Stlth  +.........               (no amulet)
                                (no ring)
                                (no ring)

@: lethally poisoned (-4 -> -6), drained
A: hooves 2, slimy green scales 2, clarity, magic resistance 1
a: Upheaval, Renounce Religion


You were on level 6 of the Dungeon.
You worshipped Qazlal.
Qazlal was pleased with you.
You were not hungry.

You visited 2 branches of the dungeon, and saw 7 of its levels.

You collected 447 gold pieces.

Inventory:

Hand Weapons
 a - a +0 falchion (weapon)
Missiles
 e - 3 tomahawks of dispersal (quivered)
 g - 65 sling bullets
 j - 16 poisoned needles
 k - 163 stones
 t - 8 tomahawks
Armour
 b - a +0 leather armour (worn)
 h - a +0 large shield
 i - a +0 helmet (worn)
 m - a +0 helmet
Wands
 x - a wand of flame (20/48)
 z - a wand of digging (9/24)
Scrolls
 d - 4 scrolls of identify
 l - 8 scrolls of remove curse
 s - a scroll of teleportation
 w - a scroll of amnesia
 y - a scroll of recharging
Potions
 n - a potion of degeneration
 o - a potion of cure mutation
 p - a potion of flight
 A - a potion of cancellation
Books
 c - a book of Spatial Translocations

   Spells                             Type                      Level
   a - Blink                          Translocation                2
   b - Shroud of Golubria             Charms/Translocation         2
   c - Lesser Beckoning               Translocation                3
   d - Portal Projectile              Translocation                3
   e - Teleport Other                 Translocation                3
   f - Passage of Golubria            Translocation                4
Comestibles
 f - 5 bread rations
 q - 3 meat rations
 v - a beef jerky
 C - 4 fruits


   Skills:
 + Level 6.7(6.5) Fighting
 + Level 7.0(6.8) Long Blades
 - Level 0.8(0.6) Throwing
 - Level 0.8(0.6) Armour
 + Level 3.2(3.0) Dodging
 - Level 2.0(1.7) Spellcasting
 - Level 2.6(2.4) Translocations


You had 4 spell levels left.
You knew the following spells:

 Your Spells              Type           Power        Failure   Level  Hunger
a - Blink                 Tloc           N/A          17%         2    ###....
b - Shroud of Golubria    Chrm/Tloc      #.........   24%         2    ###....
c - Lesser Beckoning      Tloc           #.........   34%         3    ###....


Dungeon Overview and Level Annotations

Branches:
Dungeon (6/15)             Temple (1/1) D:4

Altars:
Cheibriados
Elyvilon
Makhleb
Okawaru
Qazlal
Ru
Sif Muna
Trog
Xom
Yredelemnul
Zin

Annotations:
D:2 Sigmund
D:6 Crazy Yiuf


Innate Abilities, Weirdness & Mutations

You have hoof-like feet.
You are mostly covered in slimy green scales. (AC +3)
You possess an exceptional clarity of mind.
You are resistant to hostile enchantments. (MR+)


Message History

Crazy Yiuf is heavily wounded.
You feel sick.
Crazy Yiuf hits you with a quarterstaff of chaos!
You feel your power leaking away.
Unknown command.
You hit Crazy Yiuf. Your kick misses Crazy Yiuf.
Crazy Yiuf is severely wounded.
Crazy Yiuf hits you but does no damage.
You feel drained.
You hit Crazy Yiuf but do no damage.
Crazy Yiuf is severely wounded.
You feel sick.
Crazy Yiuf hits you with a quarterstaff of chaos!
* * * LOW HITPOINT WARNING * * *
Crazy Yiuf freezes you.
* * * LOW HITPOINT WARNING * * *
You hit Crazy Yiuf. You kick Crazy Yiuf, but do no damage.
Crazy Yiuf is almost dead.
Crazy Yiuf screams, "Tosser verde chair!"
Crazy Yiuf hits you with a quarterstaff of chaos!
You die...

#....###.#
#....# #.#
♣....♣ #.#
♣♣...♣ #.#
♣♣.♣♣ #.#
♣♣.♣ #.#
♣.♣♣ #.#
♣♣.♣ #.#
♣@♣♣ #.# #g#
#.# .(. #.#
#.(.# #.#
#)..# #.#
#####
#.##########
#...........
#########...
#...


You could see Crazy Yiuf.

Vanquished Creatures
  Eustachio (D:5)
  An ice beast (D:6)
  3 ogres
  3 bullfrogs
  3 scorpions
  A crimson imp (D:6)
  An orc priest (Temple)
  A centaur skeleton (D:4)
  2 hounds
  2 iguanas
  3 orc wizards
  A worker ant (D:4)
  A hound skeleton (D:4)
  2 worker ant zombies (D:5)
  A howler monkey skeleton (D:6)
  8 adders
  2 shadow imps (D:5)
  2 adder skeletons
  2 worms
  6 dart slugs
  4 leopard geckos
  11 orcs
  6 bats
  4 giant cockroaches
  17 goblins
  7 hobgoblins
  4 jackals (D:5)
  2 quokkas
  A ball python (D:1)
  5 frilled lizards
  10 kobolds
  A leopard gecko zombie (D:6)
  A quokka skeleton (D:1)
  8 rats
127 creatures vanquished.

Notes
Turn   | Place    | Note
-------+----------+-------------------------------------------
     0 | D:1      | tsouns the Demonspawn Warper began the quest for the Orb.
     0 | D:1      | Reached XP level 1. HP: 16/16 MP: 3/3
    74 | D:1      | Reached skill level 2 in Long Blades
   196 | D:1      | Gained mutation: You have large cloven feet. [demonic ancestry]
   196 | D:1      | Reached XP level 2. HP: 23/23 MP: 5/5
   737 | D:1      | Gained mutation: You have hoof-like feet. [demonic ancestry]
   737 | D:1      | Reached XP level 3. HP: 21/28 MP: 6/6
  1404 | D:2      | Reached skill level 3 in Long Blades
  1585 | D:2      | Reached XP level 4. HP: 28/35 MP: 7/7
  1635 | D:2      | Found a burning altar of Makhleb.
  1647 | D:2      | You fall through a shaft for 2 floors!
  1647 | D:4      | Found a staircase to the Ecumenical Temple.
  1658 | Temple   | Entered the Ecumenical Temple
  1842 | Temple   | Became a worshipper of Qazlal Stormbringer
  1846 | Temple   | Learned a level 2 spell: Blink
  1849 | Temple   | Learned a level 2 spell: Shroud of Golubria
  1853 | Temple   | Learned a level 3 spell: Lesser Beckoning
  1963 | D:2      | Found an iron altar of Okawaru.
  2013 | D:2      | Noticed Sigmund
  2016 | D:2      | Gained mutation: You evolve. [potion of mutation]
  2016 | D:2      | Gained mutation: You are resistant to hostile enchantments. (MR+) [potion of mutation]
  2422 | D:3      | Gained mutation: You possess an exceptional clarity of mind. [evolution]
  2447 | D:3      | Gained mutation: You are partially covered in slimy green scales. (AC +2) [demonic ancestry]
  2447 | D:3      | Reached XP level 5. HP: 31/42 MP: 8/8
  3311 | D:3      | Reached * piety under Qazlal
  3333 | D:3      | Reached skill level 4 in Long Blades
  3556 | D:4      | Noticed an ogre
  3570 | D:4      | Killed an ogre
  3570 | D:4      | Reached XP level 6. HP: 29/49 MP: 9/9
  4087 | D:5      | Entered Level 5 of the Dungeon
  4098 | D:5      | Reached skill level 5 in Fighting
  4129 | D:5      | Reached skill level 5 in Long Blades
  4360 | D:4      | HP: 2/51 [poisoned by a worker ant]
  4368 | D:4      | HP: 2/51 [poisoned by a worker ant]
  4404 | D:4      | Lost mutation: You evolve. [evolution]
  4407 | D:4      | Noticed a hippogriff
  4935 | D:5      | Gained mutation: You are mostly covered in slimy green scales. (AC +3) [demonic ancestry]
  4935 | D:5      | Reached XP level 7. HP: 56/56 MP: 10/10
  5458 | D:5      | Noticed Eustachio
  5540 | D:5      | Killed Eustachio
  5823 | D:6      | Reached skill level 6 in Long Blades
  6599 | D:6      | Reached XP level 8. HP: 55/64 MP: 11/11
  6720 | D:6      | Reached ** piety under Qazlal
  6768 | D:6      | HP: 3/65 [ice beast (12)]
  7207 | D:6      | Reached skill level 7 in Long Blades
  7547 | D:6      | Found a runed door.
  7552 | D:6      | Noticed Crazy Yiuf
  7581 | D:6      | Slain by Crazy Yiuf

Vault maps used:
D:1:      dpeg_arrival_rhombus, minmay_pentomino_x2
D:2:      lemuel_coloured_pillars_altar, nicolae_overflow_crystal_walls,
          first_bread, kennysheep_nub, uniq_sigmund
D:4:      hangedman_feature_mirror
D:5:      serial_bayou_ford_a, uniq_eustachio
D:6:      water_boxes_lemuel, uniq_crazy_yiuf_cottage
Temple:   grunt_temple_mini_profane

Skill      XL: |  1  2  3  4  5  6  7  8 |
---------------+-------------------------+-----
Long Blades    | 2 3 4 5 6 7 |  7.0
Fighting       | 3 4 5 6 |  6.7
Dodging        | 2 3 |  3.2
Throwing       | |  0.8
Armour         | |  0.8
Spellcasting   | |  2.0
Translocations | |  2.6

Action                   |  1- 3 |  4- 6 |  7- 9 || total
-------------------------+-------+-------+-------++-------
Melee: Falchion          |   119 |   306 |   293 ||   718
       Kick              |    30 |    94 |    83 ||   207
Throw: Javelin           |     2 |     2 |     5 ||     9
       Tomahawk          |     1 |       |     2 ||     3
 Cast: Blink             |       |       |     2 ||     2
       Shroud of Golubri |       |       |     1 ||     1
Evoke: Wand              |       |       |     2 ||     2
  Use: Scroll            |     3 |    12 |     3 ||    18
       Potion            |       |     2 |     2 ||     4
  Eat: Chunk             |     2 |     6 |     4 ||    12
       Bread ration      |       |     1 |       ||     1
       Beef jerky        |       |     1 |       ||     1
       Meat ration       |       |       |     1 ||     1
       Fruit             |       |       |     1 ||     1
Armor: Leather armour    |    24 |    94 |   113 ||   231
Dodge: Dodged            |    56 |   189 |   143 ||   388
Block: Other             |       |     9 |    14 ||    23
       Rpst.: Falchion   |    17 |    58 |    40 ||   115
